 Dungeon Crawl Stone Soup version 0.32-a0-928-g1cae6b7ea0 (webtiles) character file.

Game seed: 316991101044414319

800 Wahll the Magician (level 7, -3/50 HPs)
             Began as a Mummy Air Elementalist on Apr 12, 2024.
             Slain by a gnoll sergeant
             ... wielding a +0 spear of venom
              (9 damage)
             ... on level 7 of the Dungeon.
             The game lasted 00:12:52 (5162 turns).

Wahll the Magician (Mummy Air Elementalist)         Turns: 5162, Time: 00:12:53

Health: -3/50      AC:  5    Str: 11    XL:     7   Next: 59%
Magic:  0/23       EV: 15    Int: 15    God:
Gold:   215        SH:  0    Dex: 12    Spells: 3/15 levels left

rFire   x . .        a - +4 short sword (spect)
rCold   + . .        (no shield)
rNeg    + + +        d - +0 ring mail
rPois   ∞            (no helmet)
rElec   .            (no cloak)
rCorr   .            (no gloves)
SInv    +            (no boots)
Will    .....        c - amulet of guardian spirit
Stlth   +            g - +5 ring of evasion
HPRegen 0.28/turn    p - ring of the Unbearable Grape {rN++ MP+9 Int-2 Slay+6 SInv}
MPRegen 0.18/turn

%: guardian spirit, faith
@: about to teleport
A: cold resistance 1, negative energy resistance 3, torment resistance 2, heat
vulnerability 1, in touch with death 1, no potions, faith
a: no special abilities


You were on level 7 of the Dungeon.
You visited 1 branch of the dungeon, and saw 5 of its levels.

You collected 215 gold pieces.

Inventory:

Hand Weapons
 a - a +4 spectral short sword (weapon)
 b - a +2 hand axe of venom
Missiles
 e - 5 poisoned darts
Armour
 d - a +0 ring mail (worn)
 j - a +0 kite shield
Jewellery
 c - an amulet of guardian spirit (around neck)
 g - a +5 ring of evasion (left hand)
 h - a ring of willpower
 p - the ring of the Unbearable Grape (right hand) {rN++ MP+9 Int-2 Slay+6 SInv}
   (You acquired it on level 3 of the Dungeon)

   [ring of magical power]

   Int-2:     It affects your intelligence (-2).
   Slay+6:    It affects your accuracy & damage with ranged weapons and melee
   (+6).
   rN++:      It greatly protects you from negative energy.
   MP+9:      It affects your magic capacity (+9).
   SInv:      It lets you see invisible.
Scrolls
 f - 2 scrolls of revelation
 i - a scroll of poison
 k - a scroll of fog
 l - a scroll of enchant weapon
 n - a scroll of blinking
 o - a scroll of brand weapon
 q - a scroll of identify


   Skills:
 + Level 2.0 Fighting
 + Level 1.6 Armour
 * Level 3.2 Dodging
 + Level 2.5 Stealth
 + Level 1.4 Shields
 * Level 4.9 Spellcasting
 + Level 1.8 Conjurations
 + Level 0.2 Hexes
 + Level 1.4 Ice Magic
 * Level 3.6 Air Magic
 + Level 1.5 Evocations


You had 3 spell levels left.
You knew the following spells:

 Your Spells              Type           Power      Damage    Failure   Level
a - Shock                 Conj/Air       44%        1d5       13%         1
b - Static Discharge      Conj/Air       22%        3-4/arc   19%         2
c - Frozen Ramparts       Ice            16%        1d3       54%         3
d - Airstrike             Air            7%         2d(1-17)  65%         4
e - Jinxbite              Hex            8%         N/A       47%         2

Your spell library contained the following spells:

 Spells                   Type           Power      Damage    Failure   Level
 Freeze                   Ice            32%        1d5       22%         1
 Swiftness                Air            14%        N/A       26%         3
 Hailstorm                Conj/Ice       8%         3d5       52%         3
 Yara's Violent Unravell  Hex/Alch       2%         3d3       100%        5
 Enfeeble                 Hex            2%         N/A       100%        7


Dungeon Overview and Level Annotations

Branches:
Dungeon (4/15)
 Temple: D:4-7

Altars:
Vehumet


Innate Abilities, Weirdness & Mutations

You are immune to poison.
Your flesh is cold resistant. (rC+)
You are immune to negative energy. (rN+++)
You are immune to unholy pain and torment.
You are vulnerable to heat. (rF-)
You are in touch with the powers of death.
You do not drink.
You have a special connection with the divine. (Faith)


Message History

The zap hits the gnoll.
The gnoll is heavily wounded.
The zap hits the gnoll.
The gnoll is moderately wounded.
The gnoll sergeant hits you but does no damage.
Unknown command.
Unknown command.
You start resting.
A gnoll sergeant is nearby!
You hit the gnoll sergeant.
The gnoll sergeant is moderately wounded.
The gnoll sergeant blocks your +4 spectral short sword's attack.
The gnoll sergeant hits you with a +0 spear of venom.
The gnoll sergeant blocks your attack.
The gnoll sergeant is moderately wounded.
Your +4 spectral short sword hits the gnoll sergeant but does no damage.
The gnoll sergeant hits you but does no damage.
The gnoll sergeant blocks your attack.
The gnoll sergeant is moderately wounded.
Your +4 spectral short sword closely misses the gnoll sergeant.
The gnoll sergeant hits you with a +0 spear of venom!
Your magical contamination has completely faded away.
The gnoll sergeant blocks your attack.
The gnoll sergeant is moderately wounded.
Your +4 spectral short sword barely misses the gnoll sergeant.
The gnoll sergeant hits you with a +0 spear of venom!
The gnoll hits you from afar with a +0 spear.
* * * LOW HITPOINT WARNING * * *
Unknown command.
Unknown command.
As you read the scroll of teleportation, it crumbles to dust.
You feel strangely unstable.
Your +4 spectral short sword disappears.
The gnoll sergeant hits you with a +0 spear of venom!
* * * LOW HITPOINT WARNING * * *
The gnoll closely misses you.
Unknown command.
Unknown command.
The gnoll sergeant hits you from afar with a +0 spear of venom!
You die...

#..#.#.# ###..##....#
#..#.#.## #.....#....#
###..#....# #.#.#.####.#
#......#..###.#..... #.#
#.#..#.##...#.#.#..#.#.#
#...c#.##.#...#.##.# #..
#...gg....###......# #.#
#.#..#.######....### ##
##g#.@......#..# .
#.##########..# ##


ggc .... ##g#. .... #.#.# .... #.# # #.# #.# You could see a gnoll sergeant, a
centaur and a gnoll.

Vanquished Creatures
  2 ice beasts (D:7)
  A bullfrog (D:7)
  2 scorpions (D:4)
  2 lava snakes (D:7)
  An orc priest (D:7)
  Jessica (D:2)
  Terence (D:2)
  A sleepcap (D:7)
  An iguana (D:4)
  3 orc wizards (D:3)
  4 gnolls (D:4)
  3 adders
  3 dart slugs
  13 orcs
  8 ball pythons
  5 bats
  10 endoplasms
  7 giant cockroaches
  5 goblins
  5 hobgoblins
  7 kobolds
  4 quokkas
  A frilled lizard (D:1)
  3 rats
93 creatures vanquished.

Notes
Turn   | Place    | Note
-------+----------+-------------------------------------------
     0 | D:1      | Wahll the Mummy Air Elementalist began the quest for the
                  | Orb.
     0 | D:1      | Reached XP level 1. HP: 13/13 MP: 4/4
   301 | D:1      | Reached skill level 1 in Conjurations
   301 | D:1      | Reached XP level 2. HP: 11/19 MP: 0/5
   305 | D:1      | Reached skill level 3 in Spellcasting
   353 | D:1      | Learned a level 2 spell: Static Discharge
   833 | D:1      | Reached XP level 3. HP: 24/24 MP: 3/7
   837 | D:1      | Learned a level 3 spell: Frozen Ramparts
  1738 | D:2      | Noticed Jessica
  1740 | D:2      | Killed Jessica
  1840 | D:2      | Reached XP level 4. HP: 31/31 MP: 7/9
  1922 | D:2      | Noticed Terence
  1946 | D:2      | Killed Terence
  2526 | D:2      | Learned a level 4 spell: Airstrike
  2720 | D:3      | Found a radiant altar of Vehumet.
  2864 | D:3      | Reached skill level 1 in Fighting
  2864 | D:3      | Reached XP level 5. HP: 37/37 MP: 4/10
  3741 | D:3      | Identified a scroll of acquirement
  3742 | D:3      | Acquired the ring of the Unbearable Grape {rN++ MP+9 Int-2
                  | Slay+6 SInv}
  3897 | D:4      | Reached skill level 1 in Armour
  3897 | D:4      | Reached skill level 4 in Spellcasting
  3897 | D:4      | Reached skill level 1 in Ice Magic
  3897 | D:4      | Reached skill level 1 in Evocations
  3897 | D:4      | Reached XP level 6. HP: 42/43 MP: 12/12
  3969 | D:4      | Reached skill level 1 in Shields
  4724 | D:4      | You fall into a shaft and drop 3 floors!
  4873 | D:7      | Noticed an ice beast
  4882 | D:7      | Killed an ice beast
  4883 | D:7      | Reached XP level 7. HP: 40/49 MP: 13/13
  4939 | D:7      | Learned a level 2 spell: Jinxbite
  5162 | D:7      | Slain by a gnoll sergeant

Illustrated notes

Levels and vault maps discovered:
D:1:      lightli_arrival_quake, layout_basic, minmay_tromino_v4_b
D:2:      layout_loops_ring, reono_crystal_passage, uniq_jessica, uniq_terence
D:3:      layout_basic, mainiacjoe_overflow_24_doors
D:4:      layout_basic
D:7:      layout_basic, kennysheep_doodads

Skill      XL: |  1  2  3  4  5  6  7 |
---------------+----------------------+-----
Conjurations   | 1 |  1.8
Spellcasting   | 3 4 |  4.9
Dodging        | 2 3 |  3.2
Fighting       | 1 2 |  2.0
Stealth        | 2 |  2.5
Air Magic      | 3 |  3.6
Armour         | 1 |  1.6
Ice Magic      | 1 |  1.4
Evocations     | 1 |  1.5
Shields        | 1 |  1.4
Hexes          | |  0.2

Action                     |  1- 3 |  4- 6 |  7- 9 || total
---------------------------+-------+-------+-------++-------
  Melee: Dagger            |    33 |       |       ||    33
         Unarmed           |     1 |       |       ||     1
         Short sword       |       |    37 |    17 ||    54
   Cast: Shock             |    71 |   143 |    19 ||   233
         Static Discharge  |     1 |       |     2 ||     3
    Use: Scroll            |     3 |     6 |     1 ||    10
 Armour: Robe              |    23 |    22 |       ||    45
         Ring mail         |       |     2 |    24 ||    26
  Dodge: Dodged            |    32 |    38 |    18 ||    88

Table legend: (Time is in decaauts)
 A = Elapsed time spent in this place.
 B = Non-inter-level travel time spent in this place.
 C = Inter-level travel time spent in this place.
 D = Time resting spent in this place.
 E = Time spent auto-exploring this place.
 F = Levels seen in this place.
 G = Mean time per level.
                   A        B        C        D        E       F      G
               +--------+--------+--------+--------+--------+-----+--------+
         Total |   5157 |   5015 |    142 |     88 |   4261 |   5 | 1031.4 |
       Dungeon |   5157 |   5015 |    142 |     88 |   4261 |   5 | 1031.4 |
               +--------+--------+--------+--------+--------+-----+--------+

Top non-repeatable levels by time:
     D:1: 1531 daAuts
     D:3: 1295 daAuts
     D:2: 1020 daAuts
     D:4: 872 daAuts
     D:7: 437 daAuts
